 Dungeon Crawl Stone Soup version 0.17.1-2-g5865329 (webtiles) character file.

148 seren the Conjurer (level 5, -13/38 HPs)
             Began as a Draconian Conjurer on Feb 4, 2016.
             Killed by divine providence
             ... invoked by an orc priest
              (15 damage)
             ... on level 3 of the Dungeon.
             The game lasted 00:25:30 (3495 turns).

seren the Conjurer (Draconian Conjurer)             Turns: 3495, Time: 00:25:30

Health: -13/38     AC:  7    Str: 10    XL:     5   Next: 8%
Magic:  5/8        EV: 12    Int: 16    God:
Gold:   104        SH:  0    Dex: 12    Spells: 2 memorised, 5 levels left

rFire  . . .     SeeInvis .     h - +0 whip
rCold  . . .     Clarity  .     (armour unavailable)
rNeg   . . .     SustAt   .     (no shield)
rPois  .         Gourm    .     (helmet restricted)
rElec  .         Spirit   .     m - +0 cloak
rCorr  .         Warding  .     n - +0 pair of gloves
rMut   .         Stasis   .     (no boots)
MR     .....                    (no amulet)
Stlth  ++........               (no ring)
                                f - ring of wizardry

@: not resistant to hostile enchantments, unstealthy
A: unfitting armour, cold-blooded, AC +5
a: no special abilities


You were on level 3 of the Dungeon.
You were not hungry.

You visited 1 branch of the dungeon, and saw 4 of its levels.

You collected 104 gold pieces.

Inventory:

Hand Weapons
 h - a +0 whip (weapon)
 o - a +2 dagger of venom
Missiles
 q - a throwing net (quivered)
Armour
 m - a +0 cloak (worn)
 n - a +0 pair of gloves (worn)
Jewellery
 f - a ring of wizardry (left hand)
Scrolls
 c - a scroll of enchant weapon {unknown}
 d - a scroll of teleportation
 g - 4 scrolls of identify
 j - a scroll of amnesia {unknown}
 p - a scroll of magic mapping {unknown}
 r - a scroll of enchant armour {unknown}
 s - a scroll of fear {unknown}
 v - a scroll of remove curse
Potions
 e - a potion of curing
 u - a potion of ambrosia
Books
 a - a book of Conjurations

   Spells                             Type                      Level
   a - Magic Dart                     Conjuration                  1
   b - Searing Ray                    Conjuration                  2
   c - Dazzling Spray                 Conjuration/Hexes            3
   d - Fulminant Prism                Conjuration/Hexes            4
   e - Iskenderun's Mystic Blast      Conjuration                  4
   f - Iskenderun's Battlesphere      Conjuration/Charms           5
Comestibles
 b - 3 bread rations
 i - 3 chunks of flesh
 k - 3 fruits
 l - a beef jerky
 t - 2 meat rations


   Skills:
 - Level 1.7 Dodging
 - Level 1.7 Stealth
 + Level 2.3 Spellcasting
 * Level 6.2 Conjurations


You had 5 spell levels left.
You knew the following spells:

 Your Spells              Type           Power        Failure   Level  Hunger
a - Magic Dart            Conj           ###.         1%          1    #......
b - Searing Ray           Conj           ###...       1%          2    ###....


Dungeon Overview and Level Annotations

Branches:
Dungeon (4/15)
 Temple: D:4-7

Altars:


Innate Abilities, Weirdness & Mutations

Your plain brown scales are hard (AC +5).
Your body does not fit into most forms of armour.
You are cold-blooded and may be slowed by cold attacks.


Message History

Aiming: Magic Dart
Press: ? - help, Shift-Dir - straight line, f/p - orc priest
Aim: an orc priest, wielding a falchion and wearing a leather armour (lightly wounded)
The magic dart hits the orc priest.
The orc priest is heavily wounded.
An orc comes into view. It is wielding a short sword.
The orc priest invokes the aid of Beogh against you.
Pain shoots through your body!
* * * LOW HITPOINT WARNING * * *
The orc priest looks braver for a moment.
You closely miss the orc priest.
The orc priest is heavily wounded.
The orc priest barely misses you.
A goblin comes into view. It is wielding a club.
The goblin shouts!
You hit the orc priest.
The orc priest is severely wounded.
The orc priest calls down the wrath of Beogh upon you.
Something smites you!
You die...

#8.....8###.#...o....###
#.......#..............
#8.....8#..g#...#.#.####
#.......##..##..#...
####8.....8#...###..##.#
##..#.......#.....#....
#...#8.....8#........#.
#...........o..##....#
#..........@o..####...
#........###....# ..#
##..............####... #
###########............####
##..#............
#..#............
###...............
#.................
##....>..##.......#


You could see an orc priest, an orc and a goblin.

Vanquished Creatures
  Ijyb (D:3)
  2 gnolls (D:2)
  2 adders
  An ooze (D:1)
  A worm (D:3)
  2 giant geckos
  8 orcs
  2 giant cockroaches
  6 hobgoblins
  6 jackals
  2 quokkas
  4 bats
  3 giant newts
  14 goblins
  5 kobolds
  7 rats
66 creatures vanquished.

Notes
Turn   | Place    | Note
--------------------------------------------------------------
     0 | D:1      | seren the Draconian Conjurer began the quest for the Orb.
     0 | D:1      | Reached XP level 1. HP: 14/14 MP: 3/3
     6 | D:1      | Noticed an electric eel
   511 | D:1      | Reached XP level 2. HP: 17/20 MP: 0/5
  1303 | D:2      | Reached skill level 5 in Conjurations
  1303 | D:2      | Reached XP level 3. HP: 26/26 MP: 4/6
  1364 | D:2      | Learned a level 2 spell: Searing Ray
  1726 | D:3      | Noticed an ice beast
  2130 | D:3      | Reached XP level 4. HP: 33/33 MP: 0/7
  2771 | D:3      | Noticed Ijyb
  3053 | D:3      | Reached skill level 6 in Conjurations
  3339 | D:3      | Killed Ijyb
  3339 | D:3      | Reached XP level 5. HP: 34/38 MP: 0/8
  3495 | D:3      | Killed from afar by an orc priest

Action                   |  1- 3 |  4- 6 || total
-------------------------+-------+-------++-------
Melee: Unarmed           |    12 |       ||    12
       Whip              |    35 |    97 ||   132
 Cast: Magic Dart        |    59 |    73 ||   132
  Use: Potion            |     5 |     2 ||     7
       Scroll            |     4 |       ||     4
  Eat: Chunk             |     4 |     5 ||     9
       Fruit             |     1 |     1 ||     2
